 Dungeon Crawl Stone Soup version 0.19.5 (webtiles) character file.

207 Hybris the Chopper (level 5, -2/41 HPs)
             Began as a Demonspawn Abyssal Knight on Mar 25, 2017.
             Was a Believer of Lugonu.
             Killed by a spatial distortion (3 damage)
             ... on level 3 of the Dungeon.
             The game lasted 00:08:07 (4621 turns).

Hybris the Chopper (Demonspawn Abyssal Knight)      Turns: 4621, Time: 00:08:08

Health: -2/41      AC:  3    Str: 14    XL:     5   Next: 54%
Magic:  7/7        EV: 11    Int: 13    God:    Lugonu [**....]
Gold:   169        SH:  0    Dex: 16    Spells: 0 memorised, 4 levels left

rFire  . . .     SeeInvis .     a - +1 hand axe
rCold  . . .     Gourm    .     b - +0 leather armour
rNeg   . . .     Faith    .     (no shield)
rPois  .         Spirit   .     (helmet restricted)
rElec  .         Reflect  .     (no cloak)
rCorr  .         Harm     .     (no gloves)
MR     .....                    (no boots)
Stlth  ++........               (no amulet)
                                (no ring)
                                (no ring)

@: no status effects
A: antennae 1, thin skeletal structure 2, demonic guardian 1
a: Depart the Abyss, Bend Space, Renounce Religion


You were on level 3 of the Dungeon.
You worshipped Lugonu.
Lugonu was pleased with you.
You were hungry.

You visited 1 branch of the dungeon, and saw 3 of its levels.
You visited the Abyss 1 time.

You collected 169 gold pieces.

Inventory:

Hand Weapons
 a - a +1 hand axe (weapon)
Armour
 b - a +0 leather armour (worn)
 s - a +0 scale mail
Jewellery
 n - an uncursed ring of wizardry {unknown}
Scrolls
 e - 2 scrolls of enchant armour {unknown}
 f - 2 scrolls of remove curse {unknown}
 g - a scroll of blinking {unknown}
 i - 4 scrolls of identify {unknown}
 m - 2 scrolls of teleportation {unknown}
 p - a scroll of noise {unknown}
 r - a scroll of fog {unknown}
 u - a scroll of fear {unknown}
Potions
 d - 2 potions of cancellation {unknown}
 h - 2 potions of degeneration {unknown}
 j - 4 potions of curing
 q - a potion of heal wounds {unknown}
Comestibles
 c - a bread ration
 k - a slice of pizza
 l - a royal jelly
 o - a meat ration
 t - 3 fruits


   Skills:
 + Level 3.3 Fighting
 * Level 4.6 Axes
 - Level 1.8 Armour
 - Level 0.8 Dodging
 + Level 3.8 Invocations


You had 4 spell levels left.
You didn't know any spells.

Dungeon Overview and Level Annotations

Branches:
Dungeon (3/15)

Altars:
Dithmenos
Makhleb
Trog
Xom
Zin
The Shining One


Innate Abilities, Weirdness & Mutations

You have a pair of small antennae on your head.
You have a moderately thin skeletal structure. (Dex +4, Stealth+)
A weak demonic guardian rushes to your aid.


Message History

The gnoll hits you with a halberd!
You hit the gnoll but do no damage. The gnoll closely misses you.
You hit the gnoll.
The gnoll is lightly wounded.
The gnoll completely misses you.
A gnoll comes into view. It is wielding a club.
The gnoll shouts!
You hit the gnoll.
The gnoll is moderately wounded.
The gnoll barely misses you.
You hit the gnoll.
The gnoll is moderately wounded.
The gnoll closely misses you.
You hit the gnoll.
The gnoll is heavily wounded.
Your leather armour prevents you from hitting the gnoll.
The gnoll hits you with a halberd!
* * * LOW HITPOINT WARNING * * *
Space bends around you!
You blink.
You die...

#..# #.. #..# #.# #..#
#.# #..# ##.# ###
#..###g.##..#
#....§g.#...#
########†###....# .#
.....(....##...#####...##
##########.#....@........
#..#.######..###
#..#.....# # #..#####....
##########..# ##
............########
....######..........
..........<.########
###########.#


You could see 2 gnolls.

Vanquished Creatures
  Terence (D:3)
  A gnoll (D:3)
  6 adders
  A worm (D:2)
  5 dart slugs
  A leopard gecko (D:2)
  A giant cockroach (D:3)
  7 goblins
  7 hobgoblins
  5 jackals (D:2)
  9 kobolds
  2 ball pythons
  10 bats
  A frilled lizard (D:2)
  5 rats
62 creatures vanquished.

Vanquished Creatures (collateral kills)
  Purgy (D:3)
1 creature vanquished.

Grand Total: 63 creatures vanquished

Notes
Turn   | Place    | Note
-------+----------+-------------------------------------------
     0 | Abyss:1  | Hybris the Demonspawn Abyssal Knight began the quest for the Orb.
     0 | Abyss:1  | Reached XP level 1. HP: 18/18 MP: 2/2
    69 | Abyss:1  | Noticed a large abomination
    69 | D:1      | Escaped the Abyss
   302 | D:1      | Reached skill level 2 in Axes
   350 | D:1      | Gained mutation: You have a pair of small antennae on your head. [demonic ancestry]
   350 | D:1      | Reached XP level 2. HP: 24/24 MP: 4/4
   396 | D:1      | Reached * piety under Lugonu
  1247 | D:2      | Found a shadowy altar of Dithmenos.
  1407 | D:2      | Gained mutation: A weak demonic guardian rushes to your aid. [demonic ancestry]
  1407 | D:2      | Reached XP level 3. HP: 22/29 MP: 5/5
  1737 | D:2      | Reached skill level 3 in Axes
  2312 | D:2      | Found a shimmering altar of Xom.
  2460 | D:2      | Found a bloodstained altar of Trog.
  2460 | D:2      | Found a faded altar of an unknown god.
  2465 | D:2      | Found a faded altar of an unknown god.
  2467 | D:2      | Found a glowing silver altar of Zin.
  2469 | D:2      | Found a burning altar of Makhleb.
  2496 | D:2      | Gained mutation: You have a somewhat thin skeletal structure. (Dex +2, Stealth) [demonic ancestry]
  2496 | D:2      | Reached XP level 4. HP: 35/35 MP: 6/6
  2525 | D:2      | Reached ** piety under Lugonu
  3706 | D:3      | Found a glowing golden altar of the Shining One.
  3957 | D:3      | Noticed Terence
  3978 | D:3      | Killed Terence
  3978 | D:3      | Reached skill level 4 in Axes
  4099 | D:3      | Gained mutation: You have a moderately thin skeletal structure. (Dex +4, Stealth+) [demonic ancestry]
  4099 | D:3      | Reached XP level 5. HP: 32/41 MP: 7/7
  4551 | D:3      | Noticed Purgy
  4573 | D:3      | Killed Purgy
  4620 | D:3      | HP: 1/41 [gnoll/halberd (14)]
  4621 | D:3      | Killed by a spatial distortion

Skill      XL: |  1  2  3  4 |
---------------+-------------+-----
Invocations    | 3 |  3.8
Axes           | 2 3 4 |  4.6
Fighting       | |  3.3
Armour         | |  1.8
Dodging        | |  0.8

Action                   |  1- 3 |  4- 6 || total
-------------------------+-------+-------++-------
Melee: Hand axe          |   117 |   114 ||   231
Invok: Depart the Abyss  |     1 |       ||     1
  Use: Potion            |     1 |       ||     1
 Stab: Sleeping          |       |     2 ||     2
  Eat: Chunk             |     5 |     6 ||    11
Armor: Leather armour    |    34 |    14 ||    48
       Scale mail        |       |     2 ||     2
Dodge: Dodged            |    76 |    87 ||   163
